 Dungeon Crawl Stone Soup version 0.30.1 (webtiles) character file.

Game seed: 2204099470763424813

4382 Sanktem7 the Cleaver (level 10, -9/88 HPs)
             Began as a Minotaur Fighter on July 7, 2023.
             Mangled by Amaemon
             ... wielding a -1 demon whip of venom
              (18 damage)
             ... on level 8 of the Dungeon.
             The game lasted 00:14:44 (7897 turns).

Sanktem7 the Cleaver (Minotaur Fighter)             Turns: 7897, Time: 00:14:44

Health: -9/88      AC:  0    Str: 30    XL:     10   Next: 13%
Magic:  9/9        EV: 13    Int:  5    God:
Gold:   1041       SH:  0    Dex: 10    Spells: 9/9 levels left

rFire   . . .        v - melded +2 war axe (heavy) {axe}
rCold   . . .        C - melded +1 kite shield
rNeg    . . .        G - melded +1 crystal plate armour {rare=g}
rPois   .            s - melded +1 hat
rElec   .            (cloak currently unavailable)
rCorr   .            I - melded +2 pair of gloves {Str+3}
SInv    .            (boots currently unavailable)
Will    .....        r - amulet of Askuun {Acrobat Str+5}
Stlth   +            b - melded ring "Zeul" {Fly rPois Will+ MP+9 Dex-5}
HPRegen 0.34/turn    l - melded ring of protection from fire
MPRegen 0.11/turn

%: acrobat
@: lethally poisoned (-9 -> -43), pig-form, studying Axes, very quick
A: fast, no casting, small, (horns 2), (retaliatory headbutt)
a: no special abilities


You were on level 8 of the Dungeon.
You were a filthy swine.
You visited 2 branches of the dungeon, and saw 9 of its levels.
You also visited: Ossuary and Bailey.

You collected 1321 gold pieces.
You spent 280 gold pieces at shops.


Innate Abilities, Weirdness & Mutations

You are a filthy swine.
You move quickly.
Your equipment is almost entirely melded.
You are incapable of wielding weapons or throwing items.
You cannot cast spells.
((You have a pair of horns on your head.))
((You reflexively headbutt those who attack you in melee.))


   Skills:
 + Level 8.1 Fighting
 * Level 13.3 Axes
 + Level 5.4 Throwing
 + Level 8.2 Armour
 + Level 8.1 Shields


You had 9 spell levels left.
You didn't know any spells.
Your spell library contained the following spells:

 Spells                   Type           Power      Damage    Failure   Level
 Shock                    Conj/Air       0%         1d3       47%         1
 Inner Flame              Hex/Fire       0%         N/A       85%         3
 Swiftness                Air            0%         N/A       85%         3
 Airstrike                Air            0%         2d(0-16)  99%         4
 Flame Wave               Conj/Fire      0%         2d4       99%         4
 Sticky Flame             Conj/Fire      0%         2d3       99%         4

Inventory:

Hand Weapons
 u - a -3 eveningstar {macerare=g}
   (You found it on level 5 of the Dungeon)
 v - a +2 heavy war axe (melded) {axe}
   (You took it off an orc on level 3 of the Dungeon)
Missiles
 f - 5 datura-tipped darts {throwing}
 g - 103 stones (quivered) {throwing}
 h - 3 atropa-tipped darts {throwing}
 w - 36 poisoned darts {throwing}
 z - 5 boomerangs {throwing}
 F - 6 curare-tipped darts {=fthrowing}
Armour
 s - a +1 hat (melded)
   (You found it on level 2 of the Dungeon)
 C - a +1 kite shield (melded)
   (You found it on level 4 of the Dungeon)
 G - a +1 crystal plate armour (melded) {rare=g}
   (You took it off an orc warrior in a bailey)
 I - a +2 pair of gloves of strength (melded)
   (You found it in a bailey)
Jewellery
 b - the ring "Zeul" (melded) {Fly rPois Will+ MP+9 Dex-5}
   (You acquired it on level 5 of the Dungeon)

   [ring of flight]

   Dex:       It affects your dexterity (-5).
   rPois:     It protects you from poison.
   MP:        It affects your magic capacity (+9).
   Fly:       It grants you flight.
   Will:      It increases your willpower.
 l - a ring of protection from fire (melded)
   (You bought it in a shop on level 5 of the Dungeon)
 r - the amulet of Askuun (around neck) {Acrobat Str+5}
   (You bought it in a shop on level 5 of the Dungeon)

   [amulet of the acrobat]

   It increases your evasion while moving and waiting.
   Str:       It affects your strength (+5).
Wands
 B - a wand of roots (16)
   (You found it on level 4 of the Dungeon)
 M - a wand of charming (24)
   (You took it off a goblin on level 8 of the Dungeon)
Scrolls
 a - 2 scrolls of immolation {!r!r}
 m - a scroll of fear
 n - 2 scrolls of magic mapping {!r}
 o - 3 scrolls of teleportation {@r4}
 x - 3 scrolls of identify {@r1}
 y - 3 scrolls of blinking {unknown}
 A - a scroll of vulnerability {!r!r}
 D - 6 scrolls of fog {unknown}
 E - 2 scrolls of enchant weapon {unknown}
 H - a scroll of amnesia {unknown}
Potions
 d - 4 potions of might
 e - 3 potions of heal wounds {@q2}
 i - 3 potions of cancellation
 j - 2 potions of magic
 k - 6 potions of curing {unknown}
 p - 2 potions of brilliance
 q - 4 potions of degeneration {!q@e2}
 t - 4 potions of attraction {unknown}
 J - a potion of resistance {unknown}

Dungeon Overview and Level Annotations

Branches:
Dungeon (8/15) Zot: 26545  Temple (1/1) D:7 Zot: 5780 Ossuary (visited)
 Bailey (visited)
   Lair: D:8-11

Altars:
Ashenzari
Cheibriados
Dithmenos
Elyvilon
Fedhas
Gozag
Hepliaklqana
Nemelex Xobeh
Qazlal
Ru
Sif Muna
Trog
Wu Jian
Xom
Yredelemnul
Zin
The Shining One

Shops:
D:3 (   D:5 **

Annotations:
D:6 1 runed translucent door, salammoniac's ghost, amateur DsEE
D:8 Amaemon

### #.###############
########................
........................
########.#######h####.#
#.# #6# ##### #.# #4#
....## #.# #.# .....#
#.# ... ###..# ### #.#
###..# ... .....# #<#
#.# #.# .....# #.# #.#


You could see Amaemon and an orange demon (curare).


Message History

Welcome back to the Dungeon!
There is an empty arch of ancient stone here.
M - a wand of charming (24) (gained 11 charges)
You see here a +0 falchion {long}.
k - 6 red potions (gained 1)
You reach down and open the door.
There is an open door here.
Key pressed, stopping explore.
A hornet comes into view.
The hornet buzzes angrily.
A hornet is nearby!
You slash the hornet! Your headbutt misses the hornet.
You block the hornet's attack. x2
You closely miss the hornet.
The hornet stings you but does no damage. x2
You slice the hornet!! Your headbutt misses the hornet.
The hornet stings you but does no damage.
The hornet stings you!
You feel yourself slow down. 😕 HP[-11]
You take 11 damage, and now have 77/88 hp.
You slice the hornet!!
You kill the hornet! 😕 HP[+1]
You feel yourself speed up. 😕 HP[+1] Amaemon and an orange demon come into view.
Amaemon is wielding a -1 demon whip of venom and carrying a wand of polymorph (11).
Amaemon shouts!
Amaemon zaps a wand.
You resist with almost no effort. 😎 HP[+9]
Your hp is fully restored (88).
Amaemon zaps a wand.
You resist with almost no effort.
You closely miss Amaemon.
Amaemon hisses.
Amaemon points at the orange demon and mumbles some strange words.
The orange demon seems to grow toxic.
You block Amaemon's attack. Amaemon claws you but does no damage.
Amaemon completely misses you.
The orange demon stings you from afar. 😕 HP[-4]
You take 4 damage, and now have 84/88 hp.
You slice Amaemon!! You headbutt Amaemon! You block Amaemon's attack.
Amaemon barely misses you.
Amaemon tail-slaps you but does no damage.
The orange demon stings you but does no damage.
You barely miss Amaemon. Amaemon hits you but does no damage.
You are poisoned.
Amaemon claws you. You block Amaemon's attack.
You block the orange demon's attack. 😕 HP[-5]
You take 5 damage, and now have 79/88 hp.
You closely miss Amaemon. You headbutt Amaemon, but do no damage.
You feel sick. You block Amaemon's attack.
Amaemon claws you but does no damage.
Amaemon tail-slaps you but does no damage.
You block the orange demon's attack. 😕 HP[-2]
You take 2 damage, and now have 77/88 hp.
You cut Amaemon into ribbons!!! Your headbutt misses Amaemon.
You feel sick.
Amaemon zaps a wand.
You turn into a filthy swine.
Your +2 heavy war axe {axe} melds into your body.
Your +1 hat melds into your body.
Your +2 pair of gloves of strength melds into your body.
Your +1 kite shield melds into your body.
Your +1 crystal plate armour {rare=g} melds into your body.
The ring "Zeul" {Fly rPois Will+ MP+9 Dex-5} melds into your body.
Your ring of protection from fire melds into your body.
You feel weaker.
You float gracefully downwards.
You feel your magic capacity decrease. The orange demon stings you from afar.
Amaemon hits you with a -1 demon whip of venom!
You are more poisoned.
Amaemon claws you. Amaemon tail-slaps you.
You are lethally poisoned!
Amaemon poisons you!
The orange demon misses you. 😮 HP[-24] MP[-9]
You take 24 damage, and now have 53/88 hp.
MASSIVE DAMAGE!! (PAUSE)
You barely miss Amaemon.
* * * LOW HITPOINT WARNING * * *
You feel extremely sick.
Amaemon hits you with a -1 demon whip of venom!
* * * LOW HITPOINT WARNING * * *
Amaemon claws you.
* * * LOW HITPOINT WARNING * * *
Amaemon tail-slaps you!
* * * LOW HITPOINT WARNING * * *
The orange demon stings you from afar!
* * * LOW HITPOINT WARNING * * *
😱 HP[-51]
You take 51 damage, and now have 2/88 hp.
MASSIVE DAMAGE!! (PAUSE)
You feel much better.
* * * LOW HITPOINT WARNING * * *
You feel extremely sick.
Amaemon hits you with a -1 demon whip of venom!!
You die...

Skill      XL: |  1  2  3  4  5  6  7  8  9 10 |
---------------+-------------------------------+-----
Axes           | 3 4 5 7 10 12 13 | 13.3
Armour         | 4 5 6 8 |  8.2
Shields        | 4 5 6 8 |  8.1
Fighting       | 4 5 6 7 8 |  8.1
Throwing       | 1 2 3 4 5 |  5.4

Action                     |  1- 3 |  4- 6 |  7- 9 | 10-12 || total
---------------------------+-------+-------+-------+-------++-------
  Melee: War axe           |    93 |   126 |   231 |    25 ||   475
         Headbutt          |    11 |    12 |    32 |     6 ||    61
         Unarmed           |       |       |       |     1 ||     1
  Throw: Stone             |       |       |     9 |       ||     9
    Use: Scroll            |       |       |    18 |     1 ||    19
         Potion            |       |       |     2 |     1 ||     3
 Armour: Scale mail        |    31 |    64 |    35 |       ||   130
         Chain mail        |       |       |    85 |     5 ||    90
         Crystal plate arm |       |       |       |    10 ||    10
  Dodge: Dodged            |    37 |    65 |   139 |    14 ||   255
  Block: Buckler           |    17 |    16 |       |       ||    33
         Kite shield       |       |    30 |   165 |    16 ||   211

Levels and vault maps discovered:
D:1:      dpeg_arrival_ratfight, layout_basic, minmay_tree_intersection,
          minmay_crystal_room
D:2:      layout_basic, st_stairs_13, grunt_decor_fettered,
          chequers_serial_rivers_marsh, grunt_decor_arrowhead
D:3:      layout_basic, mainiacjoe_overflow_six_doors_small, serial_shops,
          nicolae_shop_bloodbath_and_beyond, skrybe_limestone_x,
          grunt_decor_clamped, st_stairs_7
D:4:      layout_cave_pools, minmay_goblin_kobold_house
D:5:      old_forge, layout_rooms, nicolae_ossuary_entry_monument, serial_shops,
          nicolae_stop_n_shop_1, shop, kennysheep_generic_room_5
D:6:      layout_basic, nicolae_tso_carved_into_rock,
          nemelex_xobeh_ov_fountains_minmay, ebering_ghost_xom
D:7:      layout_rooms, mainiacjoe_overflow_catwalk, grunt_gozag_statues,
          marbit_many_paths, minmay_temple_entry_poolview, grunt_ministairs_4
D:8:      layout_basic, nicolae_overflow_hidden_temple, enter_bailey_3,
          uniq_amaemon
Temple:   chequers_temple_sunken

Notes
Turn   | Place    | Note
-------+----------+-------------------------------------------
     0 | D:1      | Sanktem7 the Minotaur Fighter began the quest for the Orb.
     0 | D:1      | Reached XP level 1. HP: 19/19 MP: 0/0
     0 | D:1      | magus.rc [v1.9.6]
   114 | D:1      | You pick up a book of Air and begin reading...
   114 | D:1      | You add the spells Shock, Swiftness and Airstrike to your
                  | library.
   325 | D:1      | Reached XP level 2. HP: 25/27 MP: 1/1
   490 | D:1      | Reached skill level 3 in Axes
   554 | D:1      | You pick up a book of Flames and begin reading...
   554 | D:1      | You add the spells Inner Flame, Sticky Flame and Flame Wave
                  | to your library.
   683 | D:1      | Reached skill level 4 in Armour
   683 | D:1      | Reached skill level 4 in Shields
   975 | D:2      | Reached XP level 3. HP: 33/33 MP: 2/2
   986 | D:2      | Reached skill level 4 in Fighting
  1605 | D:2      | Reached XP level 4. HP: 40/40 MP: 3/3
  1652 | D:3      | Found a shimmering altar of Xom.
  1751 | D:3      | Found Torchudav's Weapon Shoppe.
  1965 | D:3      | Reached skill level 4 in Axes
  2458 | D:4      | Reached XP level 5. HP: 47/47 MP: 4/4
  2778 | D:4      | Reached skill level 1 in Throwing
  3126 | D:5      | Entered Level 5 of the Dungeon
  3134 | D:5      | Reached skill level 5 in Axes
  3140 | D:5      | Found Silue's Assorted Antiques.
  3153 | D:5      | Reached XP level 6. HP: 48/53 MP: 5/5
  3208 | D:5      | Reached skill level 5 in Shields
  3218 | D:5      | Noticed a water moccasin
  3224 | D:5      | Killed a water moccasin
  3225 | D:5      | Reached skill level 5 in Fighting
  3225 | D:5      | Reached skill level 5 in Armour
  3287 | D:5      | Found a sand-covered staircase.
  3296 | Ossuary  | Entered an ossuary
  3320 | Ossuary  | Reached skill level 2 in Throwing
  3320 | Ossuary  | Reached XP level 7. HP: 54/61 MP: 6/6
  3321 | Ossuary  | Reached skill level 6 in Axes
  3654 | D:5      | Identified 3 scrolls of acquirement
  3657 | D:5      | Acquired a manual of Axes
  3660 | D:5      | Acquired the ring "Zeul" {Fly rPois Will+ MP+9 Dex-5}
  3661 | D:5      | Acquired 611 gold pieces
  3779 | D:5      | Reached skill level 7 in Axes
  3792 | D:5      | Found Irohuc's Assorted Antiques.
  3805 | D:5      | Bought a twisted moonstone ring for 140 gold pieces
  3805 | D:5      | Bought a coiled crystal amulet for 140 gold pieces
  3805 | D:5      | Identified the amulet of Askuun {Acrobat Str+5} (You bought
                  | it in a shop on level 5 of the Dungeon)
  3850 | D:5      | Reached skill level 3 in Throwing
  3850 | D:5      | Reached skill level 6 in Shields
  3850 | D:5      | Reached XP level 8. HP: 70/70 MP: 7/7
  4028 | D:5      | Reached skill level 6 in Armour
  4031 | D:5      | Reached skill level 6 in Fighting
  4045 | D:5      | Reached skill level 8 in Axes
  4068 | D:5      | u - a -3 eveningstar {macerare=g}
  4243 | D:6      | Found a sparkling altar of Nemelex Xobeh.
  4256 | D:6      | HP: 13/71 [gnoll/+0 whip[a gnoll sergeant] (5)]
  4260 | D:6      | Reached skill level 9 in Axes
  4262 | D:6      | HP: 6/71 [gnoll/+0 spear[a gnoll sergeant] (5)]
  4691 | D:6      | Found a runed translucent door.
  4691 | D:6      | Found a shimmering altar of Xom.
  4691 | D:6      | Noticed salammoniac's ghost (amateur DsEE)
  4830 | D:6      | Found a glowing golden altar of the Shining One.
  5269 | D:6      | Reached skill level 10 in Axes
  5269 | D:6      | Reached skill level 4 in Throwing
  5277 | D:6      | Reached XP level 9. HP: 46/78 MP: 8/8
  5409 | D:6      | Reached skill level 7 in Armour
  5578 | D:6      | Noticed a +0 falchion of chaos
  5628 | D:7      | Reached skill level 7 in Shields
  5628 | D:7      | HP: 19/78 [poisoned by a kobold]
  5633 | D:7      | HP: 14/78 [poisoned by a kobold]
  5839 | D:7      | Reached skill level 7 in Fighting
  5842 | D:7      | Reached skill level 11 in Axes
  6155 | D:7      | Found a bloodstained altar of Trog.
  6172 | D:7      | Found an opulent altar of Gozag.
  6277 | D:7      | Found a stormy altar of Qazlal.
  6451 | D:7      | Found a staircase to the Ecumenical Temple.
  6460 | Temple   | Entered the Ecumenical Temple
  6855 | D:8      | Reached skill level 12 in Axes
  6862 | D:8      | Reached skill level 5 in Throwing
  7063 | D:8      | Found a flagged portal.
  7070 | Bailey   | Entered a bailey
  7084 | Bailey   | HP: 14/80 [orc warrior/+3 halberd (9)]
  7318 | Bailey   | Identified a +0 crystal plate armour
  7341 | Bailey   | HP: 20/81 [orc warrior/+0 glaive (11)]
  7345 | Bailey   | Reached skill level 8 in Armour
  7346 | Bailey   | Reached skill level 8 in Shields
  7346 | Bailey   | Reached XP level 10. HP: 24/88 MP: 9/9
  7349 | Bailey   | Reached skill level 8 in Fighting
  7541 | Bailey   | You drop a -3 eveningstar {macerare=g}.
  7546 | Bailey   | u - a -3 eveningstar {macerare=g}
  7574 | Bailey   | Reached skill level 13 in Axes
  7663 | Bailey   | G - a +0 crystal plate armour {rare=g}
  7720 | Bailey   | You finish putting on your +0 crystal plate armour
                  | {rare=g}.
  7726 | Bailey   | your +0 crystal plate armour {rare=g} glows green for a
                  | moment.
  7889 | D:8      | Noticed Amaemon
  7889 | D:8      | Noticed an orange demon
  7895 | D:8      | your +1 crystal plate armour {rare=g} melds into your body.
  7896 | D:8      | HP: 17/88 [Amaemon/-1 demon whip of venom (7)]
  7896 | D:8      | HP: 2/88 [orange demon[Amaemon] (15)]
  7897 | D:8      | Mangled by Amaemon

Vanquished Creatures
  A hornet (D:8)
  A wyvern (D:8)
  3 water moccasins
  An ice beast (D:8)
  8 orc warriors
  4 ogres
  A centaur (D:7)
  2 elf zombies (Ossuary)
  A kobold brigand (D:7)
  4 bullfrogs
  A gnoll sergeant (D:6)
  5 scorpions (D:5)
  4 wights (D:7)
  4 howler monkeys
  3 centaur zombies (Ossuary)
  5 hounds
  A jelly (D:6)
  4 human zombies (Ossuary)
  4 orc priests
  3 sleepcaps
  4 iguanas
  6 orc wizards
  A hound zombie (Ossuary)
  3 mummies (Ossuary)
  4 gnolls
  11 adders
  2 white imps
  An ufetubus (D:4)
  6 adder zombies (Ossuary)
  3 worms
  2 dart slugs
  46 orcs
  12 ball pythons
  9 endoplasms
  3 giant cockroaches
  10 goblins
  5 hobgoblins
  7 jackals
  3 quokkas
  7 bats
  6 goblin zombies (Ossuary)
  4 hobgoblin zombies (Ossuary)
  A jackal zombie (Ossuary)
  18 kobolds
  4 kobold zombies (Ossuary)
  An orc zombie (Ossuary)
  2 quokka zombies (Ossuary)
  13 rats
  A rat zombie (Ossuary)
255 creatures vanquished.

Table legend:
 A = Non-vault XP
 B = Vault XP
 C = Vault XP percentage of total XP
 D = Non-vault monster count
 E = Vault monster count
 F = Vault count percentage of total count
                 A         B        C        D         E       F
            +---------+---------+-------+---------+---------+-------
      Total |    3987 |    2274 |  36.3 |     161 |      94 |  36.9
            +---------+---------+-------+---------+---------+-------
        D:1 |      35 |       5 |  12.5 |      20 |       5 |  20.0
        D:2 |      57 |       2 |   3.4 |      19 |       2 |   9.5
        D:3 |      56 |       5 |   8.2 |      22 |       2 |   8.3
        D:4 |     176 |       7 |   3.8 |      22 |       5 |  18.5
        D:5 |     535 |     493 |  48.0 |      14 |      14 |  50.0
        D:6 |     998 |       0 |   0.0 |      26 |       0 |   0.0
        D:7 |     663 |     147 |  18.1 |      13 |       2 |  13.3
        D:8 |    1467 |       8 |   0.5 |      25 |       4 |  13.8
    Ossuary |       0 |     629 | 100.0 |       0 |      38 | 100.0
     Bailey |       0 |     978 | 100.0 |       0 |      22 | 100.0
            +---------+---------+-------+---------+---------+-------

Skill      XL: |  1  2  3  4  5  6  7  8  9 10 |
---------------+-------------------------------+-----
Axes           | 3 4 5 7 10 12 13 | 13.3
Armour         | 4 5 6 8 |  8.2
Shields        | 4 5 6 8 |  8.1
Fighting       | 4 5 6 7 8 |  8.1
Throwing       | 1 2 3 4 5 |  5.4

Action                     |  1- 3 |  4- 6 |  7- 9 | 10-12 || total
---------------------------+-------+-------+-------+-------++-------
  Melee: War axe           |    93 |   126 |   231 |    25 ||   475
         Headbutt          |    11 |    12 |    32 |     6 ||    61
         Unarmed           |       |       |       |     1 ||     1
  Throw: Stone             |       |       |     9 |       ||     9
    Use: Scroll            |       |       |    18 |     1 ||    19
         Potion            |       |       |     2 |     1 ||     3
 Armour: Scale mail        |    31 |    64 |    35 |       ||   130
         Chain mail        |       |       |    85 |     5 ||    90
         Crystal plate arm |       |       |       |    10 ||    10
  Dodge: Dodged            |    37 |    65 |   139 |    14 ||   255
  Block: Buckler           |    17 |    16 |       |       ||    33
         Kite shield       |       |    30 |   165 |    16 ||   211

Illustrated notes

Table legend:
 A = Kills in this place as a percentage of kills in the entire game.
 B = Kills by you in this place as a percentage of kills by you in the entire game.
 C = Kills by friends in this place as a percentage of kills by friends in the entire game.
 D = Other kills in this place as a percentage of other kills in the entire game.
 E = Experience gained in this place as a percentage of experience gained in the entire game.
 F = Experience gained in this place divided by the number of levels of this place that you have seen.
                   A       B       C       D       E      F
               +-------+-------+-------+-------+-------+----------------------
         Total | 100.0 | 100.0 |   N/A |   N/A | 100.0 | 569.2
       Dungeon |  76.5 |  76.5 |   N/A |   N/A |  74.3 | 581.8
       Ossuary |  14.9 |  14.9 |   N/A |   N/A |  10.0 | 629.0
        Bailey |   8.6 |   8.6 |   N/A |   N/A |  15.6 | 978.0
               +-------+-------+-------+-------+-------+----------------------

Table legend: (Time is in decaauts)
 A = Elapsed time spent in this place.
 B = Non-inter-level travel time spent in this place.
 C = Inter-level travel time spent in this place.
 D = Time resting spent in this place.
 E = Time spent auto-exploring this place.
 F = Levels seen in this place.
 G = Mean time per level.
                   A        B        C        D        E       F      G
               +--------+--------+--------+--------+--------+-----+--------+
         Total |   8089 |   7872 |    217 |    536 |   5409 |  11 |  735.4 |
       Dungeon |   6794 |   6577 |    217 |    193 |   4965 |   8 |  849.2 |
        Temple |    219 |    219 |      0 |      0 |    191 |   1 |  219.0 |
       Ossuary |    360 |    360 |      0 |      0 |    214 |   1 |  360.0 |
        Bailey |    714 |    714 |      0 |    343 |     39 |   1 |  714.0 |
               +--------+--------+--------+--------+--------+-----+--------+

Top non-repeatable levels by time:
     D:6: 1598 daAuts
     D:1: 989 daAuts
     D:5: 805 daAuts
     D:4: 765 daAuts
     D:7: 749 daAuts
     D:3: 746 daAuts
  Bailey: 714 daAuts
     D:2: 687 daAuts
     D:8: 453 daAuts
 Ossuary: 360 daAuts
  Temple: 219 daAuts
